 Dungeon Crawl Stone Soup version 0.20.1-1-g8b1a95d (webtiles) character file.

276 Gargoyl the Covered (level 6, 0/53 HPs)
             Began as a Minotaur Abyssal Knight on Aug 25, 2017.
             Was a Believer of Lugonu.
             Slain by a gnoll
             ... wielding a +0 whip of flaming
              (3 damage)
             ... on level 3 of the Dungeon.
             The game lasted 00:04:36 (2531 turns).

Gargoyl the Covered (Minotaur Abyssal Knight)       Turns: 2531, Time: 00:04:37

Health: 0/53       AC: 12    Str: 16    XL:     6   Next: 4%
Magic:  5/7        EV:  5    Int:  9    God:    Lugonu [**....]
Gold:   213        SH:  0    Dex: 12    Spells: 5/5 levels left

rFire    . . .     SeeInvis .   a - +2 hand axe
rCold    . . .     Gourm    +   (no shield)
rNeg     . . .     Faith    .   e - +0 plate armour
rPois    .         Spirit   .   (helmet restricted)
rElec    .         Reflect  .   (no cloak)
rCorr    .         Harm     .   (no gloves)
MR       .....                  (no boots)
Stlth    ..........             f - amulet of the gourmand
Regen    0.2/turn               (no ring)
MPRegen  0.1/turn               (no ring)

@: no status effects
A: retaliatory headbutt, horns 2
a: Depart the Abyss, Bend Space, Renounce Religion


You were on level 3 of the Dungeon.
You worshipped Lugonu.
Lugonu was pleased with you.
You were completely stuffed.

You visited 1 branch of the dungeon, and saw 3 of its levels.
You visited the Abyss 1 time.

You collected 213 gold pieces.

Inventory:

Hand Weapons
 a - a +2 hand axe (weapon)
Missiles
 l - 2 javelins (quivered)
Armour
 e - a +0 plate armour (worn)
Jewellery
 f - an amulet of the gourmand (around neck)
 o - an uncursed ring of magical power {unknown}
Wands
 b - a wand of polymorph (5/24)
Scrolls
 j - 2 scrolls of identify
Potions
 d - a potion of agility
 g - a potion of mutation {unknown}
 i - a potion of cancellation
 m - a potion of berserk rage
Books
 p - a book of Cantrips

   Spells                             Type                      Level
   a - Confusing Touch                Hexes                        1
   b - Animate Skeleton               Necromancy                   1
   c - Summon Small Mammal            Summoning                    1
   d - Apportation                    Translocation                1
Comestibles
 c - a bread ration
 h - a royal jelly
 k - a meat ration


   Skills:
 + Level 4.7 Fighting
 + Level 4.5 Axes
 * Level 5.1 Armour
 + Level 1.3 Dodging
 * Level 2.7 Invocations


You had 5 spell levels left.
You didn't know any spells.

Dungeon Overview and Level Annotations

Branches:
Dungeon (3/15)

Altars:
Dithmenos
Gozag
Kikubaaqudgha
Uskayaw
Xom
Beogh


Innate Abilities, Weirdness & Mutations

You reflexively headbutt those who attack you in melee.
You have a pair of horns on your head.


Message History

The gnoll is heavily wounded.
You hit the gnoll. The gnoll hits you with a spear.
* * * LOW HITPOINT WARNING * * *
The gnoll hits you with a whip of flaming.
* * * LOW HITPOINT WARNING * * *
The gnoll burns you.
* * * LOW HITPOINT WARNING * * *
The gnoll hits you but does no damage.
You hit the gnoll.
The gnoll is severely wounded.
You hit the gnoll.
The gnoll hits you but does no damage. x2
Unknown command.
You hit the gnoll.
You kill the gnoll!
Lugonu accepts your kill.
You can now bend space around yourself.
You completely miss the gnoll.
The gnoll hits you with a whip of flaming!
* * * LOW HITPOINT WARNING * * *
The gnoll burns you.
You die...

...P≈P≈#######.#
..P≈♣.# #.#
#+#≈≈≈≈# #.#
#.#PP≈≈# #.#
###....PP#######.#
#...#(...........#
#......###########
#...g).# #...@#.#
#.#).#.# ......#.#
#.#......# #
########


You could see a gnoll.

Vanquished Creatures
  An orc priest (D:3)
  Jessica (D:2)
  Natasha (twice) (D:3)
  An orc wizard (D:3)
  4 gnolls
  6 adders
  An ooze (D:3)
  A dart slug (D:2)
  4 orcs (D:3)
  A bat zombie (D:2)
  2 giant cockroaches
  2 goblins
  2 hobgoblins
  A quokka (D:2)
  3 bats
  4 frilled lizards
  8 kobolds
  14 rats
58 creatures vanquished.

Notes
Turn   | Place    | Note
-------+----------+-------------------------------------------
     0 | Abyss:1  | Gargoyl the Minotaur Abyssal Knight began the quest for the Orb.
     0 | Abyss:1  | Reached XP level 1. HP: 19/19 MP: 1/1
    24 | Abyss:2  | Found a corrupted altar of Lugonu.
    38 | Abyss:3  | Noticed a ynoxinul
    73 | Abyss:3  | Noticed an apocalypse crab
    97 | Abyss:3  | Found a hide-covered altar of Uskayaw.
   103 | Abyss:3  | Noticed an ice beast
   104 | Abyss:3  | Noticed a raiju
   105 | Abyss:3  | Noticed a raiju
   105 | D:1      | Escaped the Abyss
   216 | D:1      | Found an opulent altar of Gozag.
   218 | D:1      | Found a sacrificial altar of Ru.
   218 | D:1      | Found a hide-covered altar of Uskayaw.
   220 | D:1      | Found a shimmering altar of Xom.
   220 | D:1      | Found a shadowy altar of Dithmenos.
   220 | D:1      | Found a hide-covered altar of Uskayaw.
   489 | D:1      | Reached XP level 2. HP: 27/27 MP: 2/2
   687 | D:1      | Reached * piety under Lugonu
   687 | D:1      | Reached skill level 3 in Armour
  1278 | D:2      | Reached XP level 3. HP: 29/33 MP: 3/3
  1379 | D:2      | Noticed Jessica
  1395 | D:2      | Killed Jessica
  1664 | D:2      | Reached XP level 4. HP: 34/40 MP: 4/4
  1787 | D:2      | Reached skill level 4 in Armour
  2053 | D:2      | Found an ancient bone altar of Kikubaaqudgha.
  2116 | D:3      | Noticed Natasha
  2124 | D:3      | Killed Natasha
  2218 | D:3      | Reached XP level 5. HP: 47/47 MP: 5/5
  2225 | D:3      | Found a roughly hewn altar of Beogh.
  2393 | D:3      | Reached skill level 5 in Armour
  2475 | D:3      | Noticed Natasha
  2488 | D:3      | Killed Natasha
  2526 | D:3      | Reached XP level 6. HP: 18/53 MP: 5/7
  2531 | D:3      | Reached ** piety under Lugonu
  2531 | D:3      | Slain by a gnoll

Skill      XL: |  1  2  3  4  5 |
---------------+----------------+-----
Armour         | 3 4 5 |  5.1
Invocations    | 2 |  2.7
Fighting       | 4 |  4.7
Axes           | 3 4 |  4.5
Dodging        | |  1.3

Action                   |  1- 3 |  4- 6 || total
-------------------------+-------+-------++-------
Melee: Hand axe          |    79 |    89 ||   168
       Headbutt          |     7 |    14 ||    21
       Unarmed           |     2 |       ||     2
Invok: Depart the Abyss  |     1 |       ||     1
  Use: Scroll            |     3 |     2 ||     5
  Eat: Chunk             |    11 |     3 ||    14
Armor: Plate armour      |    77 |    90 ||   167
Dodge: Dodged            |    13 |    28 ||    41
